AoeStats
← PeterHustinov

Black Forest

509586966Analyzed
2v2 RM · 4d ago on Sep 27, 2026· 35m 40s· 4 players
Game mode
Random Map
Map size
Medium (4 player)
Population
200
Speed
Normal
Resources
Standard
Victory
Conquest
Starting age
Dark Age
Ending age
Imperial Age
RankedLock teamsTeams togetherTeam positionsShared explorationLock speedFull tech treeHidden civsTurbo modeCheats
Victory
Defeat
🇹🇷 Turks · Türkiye
1108
+14
🇨🇭 Persians · Switzerland
1096
+14
🇪🇸 Cumans · Spain
1068
-14
🇪🇸 Malians · Spain
1050
-14
.BTB kral
0:27 Loom
11:45 Feudal Age
12:14 Double-Bit Axe
16:28 Bloodlines
22:41 Castle Age
21:40 Gold Mining
27:00 Imperial Age
26:21 Padded Archer Armor
29:45 Fletching
30:11 Leather Archer Armor
33:14 Gold Shaft Mining
34:26 Scale Barding Armor
36:15 Ring Archer Armor
rarra
10:21 Feudal Age
13:10 Town Watch
16:09 Castle Age
14:32 Horse Collar
15:59 Bloodlines
17:53 Gold Mining
17:58 Double-Bit Axe
20:25 Loom
21:38 Gold Shaft Mining
21:50 Scale Barding Armor
33:46 Fletching
PeterHustinov
0:52 Loom
11:23 Feudal Age
16:20 Town Watch
18:28 Wheelbarrow
17:39 Horse Collar
17:48 Double-Bit Axe
32:35 Scale Mail Armor
32:46 Forging
Trabuco
1:15 Loom
13:48 Feudal Age
17:20 Castle Age
15:33 Double-Bit Axe
15:45 Stone Mining
19:01 Scale Mail Armor
20:57 Forging
33:55 Fletching
34:05 Padded Archer Armor
Connection lost

Rejoining the realm…

Still unreachable

The connection could not be restored.

Session expired

The server has moved on; the page needs a fresh start.